BSA
KANSAS CITY KINGS @ SPRINGFIELD STARS
06/20/2029
 
TOP OF THE 1ST
Kansas City Kings batting - Pitching for Springfield Stars : LHP Brock Morris
Pitching: LHP Brock Morris
Batting: RHB Chris Chandler 0-0: Ball
1-0: Ground out 6-3 (Groundball, 6)
Batting: SHB Douglas Taylor 0-0: Ball
1-0: Fly out, F7 (Line Drive, 78D)
Batting: RHB Jeremy Carr 0-0: Ball
1-0: Ball
2-0: Fly out, F7 (Flyball, 78M)
Top of the 1st over - 0 runs, 0 hits, 0 errors, 0 left on base; Kansas City 0 - Springfield 0
BOTTOM OF THE 1ST
Springfield Stars batting - Pitching for Kansas City Kings : RHP Carlos Pacheco
Pitching: RHP Carlos Pacheco
Batting: RHB Norberto Taváres 0-0: Called Strike
0-1: Foul Ball, location: 2F
0-2: Ball
1-2: Foul Ball, location: 2F
1-2: Ground out 6-3 (Groundball, 6S)
Batting: LHB Mike Pearson 0-0: Called Strike
0-1: Called Strike
0-2: Ball
1-2: Strikes out swinging
Batting: LHB Derek Davidson 0-0: Foul Ball, location: 2F
0-1: Swinging Strike
0-2: Ball
1-2: Strikes out swinging
Bottom of the 1st over - 0 runs, 0 hits, 0 errors, 0 left on base; Kansas City 0 - Springfield 0
TOP OF THE 2ND
Kansas City Kings batting - Pitching for Springfield Stars : LHP Brock Morris
Batting: RHB Cy Keynes 0-0: Ball
1-0: Fly out, F9 (Flyball, 9S)
Batting: RHB Dave Parker 0-0: Ball
1-0: Ball
2-0: Ball
3-0: Base on Balls
Batting: RHB Eric Fuller 0-0: Ball
1-0: Ball
2-0: Ball
3-0: Called Strike
3-1: Base on Balls
Dave Parker to second
Batting: LHB Luis González 0-0: Foul Ball, location: 2F
0-1: Called Strike
0-2: Ball
1-2: 3-RUN HOME RUN (Flyball, 9LD), Distance : 332 ft
Batting: RHB Oliver Lugo 0-0: Called Strike
0-1: Ground out 4-3 (Groundball, 4)
Batting: RHB Rafael Carreón 0-0: Ball
1-0: Ball
2-0: Called Strike
2-1: SINGLE (Groundball, 56D)
Batting: RHB Chris Chandler 0-0: Fly out, F6 (Line Drive, 6)
Top of the 2nd over - 3 runs, 2 hits, 0 errors, 1 left on base; Kansas City 3 - Springfield 0
BOTTOM OF THE 2ND
Springfield Stars batting - Pitching for Kansas City Kings : RHP Carlos Pacheco
Batting: LHB Felipe Guerrero 0-0: Ball
1-0: Called Strike
1-1: Foul Ball, location: 2F
1-2: Ball
2-2: Ball
3-2: Foul Ball, location: 2F
3-2: Fly out, F7 (Line Drive, 78M)
Batting: LHB Elliott Newell 0-0: Called Strike
0-1: Ball
1-1: Ball
2-1: Called Strike
2-2: Foul Ball, location: 2F
2-2: Foul Ball, location: 2F
2-2: Fly out, F7 (Flyball, 7LSF)
Batting: SHB António De La Cruz 0-0: Called Strike
0-1: Ball
1-1: Called Strike
1-2: Ball
2-2: Strikes out swinging
Bottom of the 2nd over - 0 runs, 0 hits, 0 errors, 0 left on base; Kansas City 3 - Springfield 0
TOP OF THE 3RD
Kansas City Kings batting - Pitching for Springfield Stars : LHP Brock Morris
Batting: SHB Douglas Taylor 0-0: Ball
1-0: Ball
2-0: Swinging Strike
2-1: SINGLE (Line Drive, 56)
Batting: RHB Jeremy Carr 0-0: Ball
1-0: Grounds into double play, 4-6-3 (Groundball, 4M)
Batting: RHB Cy Keynes 0-0: Ball
1-0: Ball
2-0: Called Strike
2-1: Ground out 4-3 (Groundball, 4S)
Top of the 3rd over - 0 runs, 1 hit, 0 errors, 0 left on base; Kansas City 3 - Springfield 0
BOTTOM OF THE 3RD
Springfield Stars batting - Pitching for Kansas City Kings : RHP Carlos Pacheco
Batting: RHB Calvin Bennett 0-0: Foul Ball, location: 2F
0-1: Called Strike
0-2: Ground out 6-3 (Groundball, 6)
Batting: RHB Juan Carlos Rodríguez 0-0: Ball
1-0: Fly out, F8 (Flyball, 78D)
Batting: RHB Gabriel Erwin 0-0: Ball
1-0: Foul Ball, location: 2F
1-1: Swinging Strike
1-2: Foul Ball, location: 2F
1-2: Strikes out swinging
Bottom of the 3rd over - 0 runs, 0 hits, 0 errors, 0 left on base; Kansas City 3 - Springfield 0
TOP OF THE 4TH
Kansas City Kings batting - Pitching for Springfield Stars : LHP Brock Morris
Batting: RHB Dave Parker 0-0: Called Strike
0-1: Ball
1-1: Ball
2-1: Called Strike
2-2: Fly out, F8 (Flyball, 8LD)
Batting: RHB Eric Fuller 0-0: Foul Ball, location: 2F
0-1: Ball
1-1: SINGLE (Flyball, 8RS)
Batting: LHB Luis González 0-0: Ball
1-0: Called Strike
1-1: Called Strike
1-2: Ball
2-2: Fielders Choice at 2nd, 6-4 (Groundball, 6M)
Batting: RHB Oliver Lugo 0-0: Called Strike
0-1: Fly out, F7 (Flyball, 78D)
Top of the 4th over - 0 runs, 1 hit, 0 errors, 1 left on base; Kansas City 3 - Springfield 0
BOTTOM OF THE 4TH
Springfield Stars batting - Pitching for Kansas City Kings : RHP Carlos Pacheco
Batting: RHB Norberto Taváres 0-0: Called Strike
0-1: Ball
1-1: Ball
2-1: Foul Ball, location: 2F
2-2: Foul Ball, location: 2F
2-2: Ball
3-2: Ground out 1-3 (Groundball, 15S)
Batting: LHB Mike Pearson 0-0: Ball
1-0: Ball
2-0: Ball
3-0: Called Strike
3-1: Ground out 6-3 (Groundball, 56)
Batting: LHB Derek Davidson 0-0: Ball
1-0: SOLO HOME RUN (Flyball, 9LD), Distance : 332 ft
Batting: LHB Felipe Guerrero 0-0: Called Strike
0-1: Ball
1-1: Ball
2-1: Ball
3-1: Foul Ball, location: 2F
3-2: Foul Ball, location: 2F
3-2: Base on Balls
Batting: LHB Elliott Newell 0-0: Ball
1-0: Ball
2-0: Fly out, F6 (Popup, 6)
Bottom of the 4th over - 1 run, 1 hit, 0 errors, 1 left on base; Kansas City 3 - Springfield 1
TOP OF THE 5TH
Kansas City Kings batting - Pitching for Springfield Stars : LHP Brock Morris
Batting: RHB Rafael Carreón 0-0: Ball
1-0: Called Strike
1-1: Ground out 4-3 (Groundball, 4)
Batting: RHB Chris Chandler 0-0: Called Strike
0-1: SINGLE (Line Drive, 6M)
Batting: SHB Douglas Taylor 0-0: Swinging Strike
0-1: Swinging Strike
0-2: Ball
1-2: Foul Ball, location: 2F
1-2: Ball
2-2: Foul Ball, location: 2F
2-2: Ball
3-2: Ground out 6-3 (Groundball, 6)
Chris Chandler to second
Batting: RHB Jeremy Carr 0-0: Ball
1-0: Fly out, F6 (Line Drive, 6)
Top of the 5th over - 0 runs, 1 hit, 0 errors, 1 left on base; Kansas City 3 - Springfield 1
BOTTOM OF THE 5TH
Springfield Stars batting - Pitching for Kansas City Kings : RHP Carlos Pacheco
Batting: SHB António De La Cruz 0-0: Ball
1-0: Called Strike
1-1: Swinging Strike
1-2: Foul Ball, location: 2F
1-2: Strikes out swinging
Batting: RHB Calvin Bennett 0-0: Called Strike
0-1: Ball
1-1: DOUBLE (Line Drive, 89D)
Batting: RHB Juan Carlos Rodríguez 0-0: Ball
1-0: Called Strike
1-1: SINGLE (Flyball, 78S)
Calvin Bennett to third
Runner from 3rd tries for Home, SAFE, no throw
Batting: RHB Gabriel Erwin 0-0: Grounds into double play, 6-4-3 (Groundball, 6)
Bottom of the 5th over - 1 run, 2 hits, 0 errors, 0 left on base; Kansas City 3 - Springfield 2
TOP OF THE 6TH
Kansas City Kings batting - Pitching for Springfield Stars : LHP Brock Morris
Batting: RHB Cy Keynes 0-0: Swinging Strike
0-1: Ball
1-1: Ball
2-1: Foul Ball, location: 2F
2-2: Foul Ball, location: 2F
2-2: Ball
3-2: Ground out 5-3 (Groundball, 5)
Batting: RHB Dave Parker 0-0: Ball
1-0: Fly out, F6 (Flyball, 6D)
Batting: RHB Eric Fuller 0-0: Foul Ball, location: 2F
0-1: Ground out 6-3 (Groundball, 6)
Top of the 6th over - 0 runs, 0 hits, 0 errors, 0 left on base; Kansas City 3 - Springfield 2
BOTTOM OF THE 6TH
Springfield Stars batting - Pitching for Kansas City Kings : RHP Carlos Pacheco
Batting: RHB Norberto Taváres 0-0: Called Strike
0-1: DOUBLE (Flyball, 89XD)
Batting: LHB Mike Pearson 0-0: Called Strike
0-1: Swinging Strike
0-2: Strikes out swinging
Pitching: RHP Alberto Bonilla
Batting: LHB Derek Davidson 0-0: Ball
1-0: Ball
2-0: SINGLE (Groundball, 3S) (infield hit)
Norberto Taváres to third
Batting: LHB Felipe Guerrero 0-0: Foul Ball, location: 2F
0-1: Ball
1-1: Ball
2-1: Ball
3-1: Base on Balls
Derek Davidson to second
Batting: LHB Elliott Newell 0-0: Ball
1-0: Called Strike
1-1: SINGLE (Flyball, 7S)
Norberto Taváres scores
Derek Davidson to third
Felipe Guerrero to second
Runner from 3rd tries for Home, SAFE, no throw
Batting: SHB António De La Cruz 0-0: Fly out, F6 (Popup, 6M)
Batting: RHB Calvin Bennett 0-0: Ball
1-0: Swinging Strike
1-1: Ball
2-1: Fly out, F9 (Flyball, 9S)
Bottom of the 6th over - 2 runs, 3 hits, 0 errors, 2 left on base; Kansas City 3 - Springfield 4
TOP OF THE 7TH
Kansas City Kings batting - Pitching for Springfield Stars : LHP Brock Morris
Batting: LHB Luis González 0-0: Ball
1-0: Ground out 4-3 (Groundball, 4)
Batting: RHB Oliver Lugo 0-0: Swinging Strike
0-1: Foul Ball, location: 2F
0-2: Strikes out swinging
Batting: RHB Rafael Carreón 0-0: Foul Ball, location: 2F
0-1: Foul Ball, location: 2F
0-2: Ball
1-2: Ball
2-2: Fly out, F8 (Flyball, 8RS)
Top of the 7th over - 0 runs, 0 hits, 0 errors, 0 left on base; Kansas City 3 - Springfield 4
BOTTOM OF THE 7TH
Springfield Stars batting - Pitching for Kansas City Kings : RHP Alberto Bonilla
Batting: RHB Juan Carlos Rodríguez 0-0: Ball
1-0: Called Strike
1-1: Called Strike
1-2: Ball
2-2: Strikes out swinging
Batting: RHB Gabriel Erwin 0-0: Ball
1-0: Called Strike
1-1: Ball
2-1: Ball
3-1: Foul Ball, location: 2F
3-2: Foul Ball, location: 2F
3-2: Base on Balls
Batting: RHB Norberto Taváres 0-0: Ball
1-0: Ball
Passed Ball!
Gabriel Erwin to second
2-0: Called Strike
2-1: Ball
3-1: Called Strike
3-2: SINGLE (Groundball, 56D)
Gabriel Erwin to third
Runner from 3rd tries for Home, SAFE, no throw
Pitching: LHP Manuel Parra
Batting: LHB Mike Pearson 0-0: Called Strike
0-1: Ball
1-1: Ball
2-1: Ball
3-1: Fly out, F8 (Line Drive, 8LM)
Batting: LHB Derek Davidson 0-0: Ball
1-0: Called Strike
1-1: Ball
2-1: Foul Ball, location: 2F
2-2: Foul Ball, location: 2F
2-2: Ball
Wild Pitch!
Norberto Taváres to second
3-2: DOUBLE (Line Drive, 9LM)
Norberto Taváres scores
Batting: LHB Felipe Guerrero 0-0: Called Strike
0-1: Foul Ball, location: 2F
0-2: Foul Ball, location: 2F
0-2: Ball
1-2: Strikes out looking
Bottom of the 7th over - 2 runs, 2 hits, 0 errors, 1 left on base; Kansas City 3 - Springfield 6
TOP OF THE 8TH
Kansas City Kings batting - Pitching for Springfield Stars : LHP Brock Morris
Pitching: RHP José Valdéz
Batting: RHB Chris Chandler 0-0: Called Strike
0-1: Called Strike
0-2: Foul Ball, location: 2F
0-2: Ground out 6-3 (Groundball, 6MS)
Batting: SHB Douglas Taylor 0-0: SINGLE (Groundball, 6MD)
Batting: RHB Jeremy Carr 0-0: Ball
1-0: Foul Ball, location: 2F
1-1: Swinging Strike
1-2: Ball
2-2: Strikes out looking
Batting: RHB Cy Keynes 0-0: Called Strike
0-1: Ball
1-1: Ball
2-1: Fielders Choice at 2nd, 5-4 (Groundball, 56)
Top of the 8th over - 0 runs, 1 hit, 0 errors, 1 left on base; Kansas City 3 - Springfield 6
BOTTOM OF THE 8TH
Springfield Stars batting - Pitching for Kansas City Kings : LHP Manuel Parra
Batting: LHB Elliott Newell 0-0: Ball
1-0: Called Strike
1-1: SINGLE (Flyball, 8LS)
Batting: SHB António De La Cruz 0-0: Ball
1-0: Grounds into double play, 6-4-3 (Groundball, 6)
Batting: RHB Calvin Bennett 0-0: Foul Ball, location: 2F
0-1: Ball
1-1: Called Strike
1-2: Ball
2-2: Ball
3-2: Strikes out swinging
Bottom of the 8th over - 0 runs, 1 hit, 0 errors, 0 left on base; Kansas City 3 - Springfield 6
TOP OF THE 9TH
Kansas City Kings batting - Pitching for Springfield Stars : RHP José Valdéz
Batting: RHB Dave Parker 0-0: Foul Ball, location: 2F
0-1: Ball
1-1: Called Strike
1-2: Foul Ball, location: 2F
1-2: Ball
2-2: Ground out 6-3 (Groundball, 6)
Batting: RHB Eric Fuller 0-0: Ball
1-0: SINGLE (Groundball, 56D)
Batting: LHB Luis González 0-0: Ball
1-0: Fielders Choice at 2nd, 3-6 (Groundball, 3)
Batting: RHB Oliver Lugo 0-0: Ball
1-0: Called Strike
1-1: Foul Ball, location: 2F
1-2: Foul Ball, location: 2F
1-2: Ground out 5-3 (Groundball, 56S)
Top of the 9th over - 0 runs, 1 hit, 0 errors, 1 left on base; Kansas City 3 - Springfield 6
Saturday, December 16th, 2017 - OOTP Baseball 18.8 Build 76